 Dungeon Crawl Stone Soup version 0.28.0 (webtiles) character file.

Game seed: 3882788006370726135

141 zazu2006 the Magician (level 5, -1/43 HPs)
             Began as a Naga Hedge Wizard on Feb 10, 2022.
             Slain by a bullfrog (3 damage)
             ... on level 3 of the Dungeon.
             The game lasted 00:06:12 (3706 turns).

zazu2006 the Magician (Naga Hedge Wizard)           Turns: 3706, Time: 00:06:12

Health: -1/43      AC:  2    Str: 12    XL:     5   Next: 24%
Magic:  1/11       EV: 10    Int: 17    God:
Gold:   83         SH:  0    Dex: 10    Spells: 5/12 levels left

rFire   . . .      SeeInvis +   d - +0 dagger (speed)
rCold   . . .      Faith    .   (no shield)
rNeg    . . .      Spirit   .   b - +0 robe
rPois   +          Reflect  .   c - +0 hat
rElec   .          Harm     .   (no cloak)
rCorr   .          Rampage  .   (no gloves)
Will    .....                   (no barding)
Stlth   ++........              (no amulet)
HPRegen 0.14/turn               (no ring)
MPRegen 0.12/turn               (no ring)

@: short of breath, very slow
A: AC +1, large, see invisible, deformed body, poison resistance, slowness 2,
spit poison 1, naga tail 1
a: Spit Poison


You were on level 3 of the Dungeon.
You visited 1 branch of the dungeon, and saw 3 of its levels.

You collected 83 gold pieces.

Inventory:

Hand Weapons
 d - a +0 dagger of speed (weapon)
Armour
 a - a +0 buckler
 b - a +0 robe (worn)
 c - a +0 hat (worn)
Scrolls
 e - 2 scrolls of teleportation {unknown}
 f - a scroll of fear {unknown}
 h - a scroll of torment {unknown}
 i - a scroll of identify {unknown}
Potions
 g - a potion of brilliance {unknown}
 j - a potion of lignification {unknown}


   Skills:
 + Level 0.5 Fighting
 + Level 1.9 Dodging
 + Level 3.8 Stealth
 * Level 1.3 Shields
 + Level 4.0 Spellcasting
 + Level 1.9 Conjurations
 + Level 1.0 Summonings
 + Level 1.0 Translocations
 * Level 1.8 Poison Magic


You had 5 spell levels left.
You knew the following spells:

 Your Spells              Type           Power      Damage    Failure   Level
a - Magic Dart            Conj           40%        1d5       7%          1
b - Mephitic Cloud        Conj/Pois/Air  7%         N/A       28%         3
c - Conjure Flame         Conj/Fire      6%         6-21      32%         3

Your spell library contained the following spells:

 Spells                   Type           Power      Damage    Failure   Level
 Slow                     Hex            12%        N/A       16%         1
 Blink                    Tloc           12%        N/A       16%         2
 Call Imp                 Summ           6%         N/A       16%         2


Dungeon Overview and Level Annotations

Branches:
Dungeon (3/15)

Altars:


Innate Abilities, Weirdness & Mutations

Your serpentine skin is tough. (AC +1)
You have supernaturally acute eyesight. (SInv)
Armour fits poorly on your strangely shaped body.
Your system is resistant to poisons. (rPois)
You cover ground very slowly.
You can spit poison.
You have a snake-like lower body.


Message History

Aim: a bullfrog (heavily wounded, 100% to hit)
The magic dart hits the bullfrog.
The bullfrog is severely wounded.
The bullfrog hits you but does no damage.
The bullfrog hits you!
Casting: Magic Dart (safe; 7% risk of failure)
Confirm with . or Enter, or press ? or * to list all spells.
Aiming: Magic Dart (safe; 7% risk of failure)
Press: ? - help, Shift-Dir - straight line, f/p - bullfrog
Aim: a bullfrog (severely wounded, 100% to hit)
The magic dart hits the bullfrog.
The bullfrog is almost dead.
The bullfrog hits you!
Casting: Magic Dart (safe; 7% risk of failure)
Confirm with . or Enter, or press ? or * to list all spells.
Aiming: Magic Dart (safe; 7% risk of failure)
Press: ? - help, Shift-Dir - straight line, f/p - bullfrog
Aim: a bullfrog (almost dead, 100% to hit)
The magic dart hits the bullfrog.
The bullfrog is almost dead.
The bullfrog hits you but does no damage.
The bullfrog hits you.
* * * LOW HITPOINT WARNING * * *
Casting: Magic Dart (safe; 7% risk of failure)
Confirm with . or Enter, or press ? or * to list all spells.
You don't have enough magic to cast this spell.
Unknown command.
Unknown command.
The bullfrog barely misses you. The bullfrog hits you.
* * * LOW HITPOINT WARNING * * *
You have got your breath back.
The bullfrog hits you.
* * * LOW HITPOINT WARNING * * *
Aiming: Spit Poison (1% risk of failure)
Press: ? - help, Shift-Dir - straight line, f/p - bullfrog
Aim: a bullfrog (almost dead, 50% to hit)
The splash of poison misses the bullfrog.
The bullfrog hits you.
You die...

##...# #...##
##...# ##...##
##...## #...##
##...# #...##
..... #.@.#
...... #.F.# ###
....).
##.####.###......
#.......†.......
######.##.#..###
#..........
#...F......
#.......##+
#.......#


You could see a bullfrog.

Vanquished Creatures
  A hound (D:2)
  An orc wizard (D:2)
  An adder (D:3)
  2 worms (D:2)
  A dart slug (D:1)
  3 orcs (D:3)
  4 ball pythons (D:1)
  4 bats
  9 endoplasms
  4 giant cockroaches
  A goblin (D:2)
  6 hobgoblins
  3 jackals (D:2)
  12 kobolds
  2 quokkas
  6 rats
60 creatures vanquished.

Notes
Turn   | Place    | Note
-------+----------+-------------------------------------------
     0 | D:1      | zazu2006 the Naga Hedge Wizard began the quest for the Orb.
     0 | D:1      | Reached XP level 1. HP: 15/15 MP: 4/4
   353 | D:1      | Reached XP level 2. HP: 22/24 MP: 3/6
  1233 | D:1      | Reached XP level 3. HP: 30/30 MP: 4/7
  1237 | D:1      | Learned a level 3 spell: Mephitic Cloud
  1241 | D:1      | Learned a level 3 spell: Conjure Flame
  2317 | D:2      | Reached skill level 1 in Poison Magic
  2438 | D:2      | Reached skill level 1 in Shields
  2438 | D:2      | Reached XP level 4. HP: 23/37 MP: 1/9
  3283 | D:2      | Reached skill level 4 in Spellcasting
  3283 | D:2      | Reached XP level 5. HP: 33/43 MP: 5/11
  3705 | D:3      | HP: 2/43 [bullfrog (6)]
  3706 | D:3      | Slain by a bullfrog

Illustrated notes

Levels and vault maps discovered:
D:1:      mrwooster_arrival_arrow, layout_basic, kennysheep_boxes
D:2:      layout_basic, chequers_serial_rivers_large_a, minmay_cupped
D:3:      minmay_angry_zag, layout_basic, serial_curves, eino_curves_02,
          eino_curves_04, palyth_stone_intersect, uniq_robin

Skill      XL: |  1  2  3  4 |
---------------+-------------+-----
Poison Magic   | 1 |  1.8
Shields        | 1 |  1.3
Spellcasting   | 4 |  4.0
Fighting       | |  0.5
Dodging        | |  1.9
Stealth        | |  3.8
Conjurations   | |  1.9
Summonings     | |  1.0
Translocations | |  1.0

Action                   |  1- 3 |  4- 6 || total
-------------------------+-------+-------++-------
Melee: Dagger            |    24 |    18 ||    42
 Cast: Magic Dart        |   104 |    55 ||   159
 Abil: Spit Poison       |    22 |    12 ||    34
 Stab: Sleeping          |       |     1 ||     1
Armor: Robe              |    12 |     7 ||    19
Dodge: Dodged            |    29 |    13 ||    42
